AoeStats
← seanlin

Arena

509624549Analyzed
4v4 RM · 4d ago on Sep 27, 2026· 55m 13s· 8 players
Game mode
Random Map
Map size
Large (8 player)
Population
200
Speed
Normal
Resources
Standard
Victory
Conquest
Starting age
Dark Age
Ending age
Imperial Age
RankedLock teamsTeams togetherTeam positionsShared explorationLock speedFull tech treeHidden civsTurbo modeCheats
Victory
Defeat
🇮🇹 Danes · Italy
1031
+16
🇩🇪 Bohemians · Germany
1022
+16
🇳🇱 Romans · Netherlands
1016
+17
🇦🇺 Goths · Australia
987
+18
🇹🇼 Persians · Taiwan
1107
-19
🇦🇺 Maya · Australia
1058
-18
🇹🇼 Vikings · Taiwan
1027
-17
🇹🇼 Franks · Taiwan
931
-13
brandon102372
10:52 Feudal Age
14:49 Castle Age
13:19 Double-Bit Axe
13:49 Horse Collar
16:30 Man-at-Arms
21:01 Arson
22:31 Scale Mail Armor
25:03 Bow Saw
27:58 Heavy Plow
29:00 Forging
29:19 Chain Mail Armor
29:12 Long Swordsman
29:53 Squires
35:36 Loom
41:30 Pikeman
47:43 Imperial Age
seanlin
5:30 Loom
12:44 Feudal Age
12:57 Feudal Age
17:50 Double-Bit Axe
20:47 Castle Age
21:42 Bow Saw
28:13 Wheelbarrow
36:46 Scale Barding Armor
36:52 Forging
38:58 Chain Barding Armor
42:22 Husbandry
46:14 Imperial Age
46:23 Iron Casting
48:01 Cavalier
50:30 Conscription
karewellx
11:07 Feudal Age
16:09 Castle Age
15:14 Double-Bit Axe
15:11 Horse Collar
17:09 Bow Saw
17:54 Wheelbarrow
20:23 Heavy Plow
21:57 Loom
22:49 Hand Cart
22:29 Gold Mining
26:28 Gold Shaft Mining
28:45 Scale Barding Armor
28:50 Forging
28:53 Bloodlines
28:43 Husbandry
29:56 Stone Mining
33:53 Imperial Age
33:51 Stone Shaft Mining
33:04 Town Watch
34:27 Iron Casting
34:12 Chain Barding Armor
34:36 Conscription
34:31 Citadels
36:40 Two-Man Saw
36:11 Crop Rotation
35:17 Elite War Elephant
36:04 Murder Holes
36:53 Plate Barding Armor
37:20 Blast Furnace
37:37 Hoardings
37:17 Masonry
42:22 Devotion
50:44 Ballistics
50:55 Architecture
54:44 Fletching
Johnston
0:27 Loom
11:05 Feudal Age
12:42 Horse Collar
15:14 Castle Age
13:23 Double-Bit Axe
17:04 Wheelbarrow
17:45 Gold Mining
18:23 Crossbowman
19:24 Fletching
20:08 Bow Saw
21:25 Bodkin Arrow
24:30 Padded Archer Armor
29:17 Hand Cart
29:09 Heavy Plow
30:07 Leather Archer Armor
31:18 Ballistics
31:00 Town Watch
34:20 Imperial Age
32:02 Stone Mining
33:29 Thumb Ring
34:33 Arbalester
36:01 Conscription
36:44 Bracer
38:28 Chemistry
38:44 Ring Archer Armor
41:51 Onager
43:44 Scale Mail Armor
43:54 Forging
HardstyleHunter
11:02 Feudal Age
13:29 Double-Bit Axe
15:55 Castle Age
14:40 Horse Collar
17:48 Squires
17:09 Man-at-Arms
19:12 Loom
20:10 Long Swordsman
27:45 Gold Mining
27:45 Stone Mining
30:28 Wheelbarrow
30:25 Fletching
31:30 Gold Shaft Mining
31:16 Scale Barding Armor
31:22 Forging
32:33 Ballistas
33:07 Bow Saw
32:58 Heavy Plow
33:30 Bodkin Arrow
36:36 Imperial Age
34:21 Hand Cart
35:16 Chain Barding Armor
36:34 Iron Casting
38:20 Blast Furnace
37:56 Plate Barding Armor
37:22 Scale Mail Armor
38:08 Conscription
37:20 Legionary
37:56 Capped Ram
39:14 Siege Ram
40:20 Elite Centurion
42:04 Heavy Scorpion
46:37 Chain Mail Armor
49:41 Pikeman
54:03 Siege Engineers
54:59 Chemistry
54:12 Masonry
54:09 Halberdier
VoicedChart8909
0:36 Loom
11:17 Feudal Age
13:53 Double-Bit Axe
13:51 Horse Collar
16:17 Castle Age
29:11 Wheelbarrow
28:33 Town Watch
31:11 Hand Cart
32:04 Town Patrol
32:56 Bow Saw
32:48 Heavy Plow
37:15 Imperial Age
34:53 Arson
34:55 Gambesons
35:13 Hamask
37:18 Elite Varangian Guard
37:50 Pikeman
38:31 Squires
40:12 Murder Holes
39:55 Capped Ram
41:42 Illumination
41:19 Halberdier
43:12 Halberdier
44:35 Gold Mining
44:35 Stone Mining
47:50 Onager
49:45 Conscription
49:49 Siege Onager
51:41 Siege Engineers
52:42 Gold Shaft Mining
52:42 Stone Shaft Mining
comebackfred
11:09 Feudal Age
9:28 Loom
14:38 Castle Age
12:44 Horse Collar
14:05 Double-Bit Axe
15:42 Wheelbarrow
14:53 Loom
15:38 Bow Saw
18:52 Hand Cart
19:37 Heavy Plow
20:56 Man-at-Arms
21:37 Squires
21:22 Arson
22:01 Long Swordsman
23:05 Husbandry
23:51 Long Swordsman
33:12 Imperial Age
32:32 Chemistry
31:53 Ballistics
36:31 Elite Hussite Wagon
37:17 Wagenburg Tactics
37:19 Hussite Reforms
38:26 Houfnice
44:55 Two-Man Saw
43:45 Town Watch
joseph
10:23 Feudal Age
14:36 Castle Age
12:51 Double-Bit Axe
23:18 Wheelbarrow
22:44 Man-at-Arms
23:40 Man-at-Arms
24:47 Scale Mail Armor
24:58 Forging
24:27 Long Swordsman
25:28 Horse Collar
27:17 Gold Mining
27:19 Stone Mining
27:31 Heavy Plow
27:44 Bow Saw
27:52 Hand Cart
27:27 Loom
27:32 Town Watch
28:50 Chain Mail Armor
29:11 Iron Casting
29:17 Stone Shaft Mining
31:51 Squires
36:31 Imperial Age
34:08 Town Patrol
36:10 Pikeman
36:42 Two-Handed Swordsman
38:26 Blast Furnace
38:32 Two-Man Saw
38:10 Crop Rotation
37:26 Champion
38:53 Perfusion
39:13 Conscription
38:15 Halberdier
Connection lost

Rejoining the realm…

Still unreachable

The connection could not be restored.

Session expired

The server has moved on; the page needs a fresh start.